 Dungeon Crawl Stone Soup version 0.17-a0-1837-g7c6a762 (webtiles) character file.

137 HolyHero the Firebug (level 5, -3/31 HPs)
             Began as a High Elf Fire Elementalist on Sept 16, 2015.
             Killed from afar by an orc wizard (8 damage)
             ... with a magic dart
             ... on level 4 of the Dungeon.
             The game lasted 00:33:16 (4214 turns).

HolyHero the Firebug (High Elf Fire Elementalist)   Turns: 4214, Time: 00:33:16

Health: -3/31      AC:  2    Str:  7    XL:     5   Next: 0%
Magic:  4/9        EV: 12    Int: 20    God:
Gold:   212        SH:  3    Dex: 15    Spells: 3 memorised, 2 levels left

rFire  . . .     SeeInvis .     k - +0 mace (drain)
rCold  . . .     Clarity  .     a - +0 robe
rNeg   . . .     SustAt   .     n - +0 buckler
rPois  .         Gourm    .     (no helmet)
rElec  .         Spirit   .     (no cloak)
rCorr  .         Warding  .     (no gloves)
rMut   .         Stasis   .     (no boots)
MR     .....                    (no amulet)
Stlth  ++........               (no ring)
                                (no ring)

@: slowed, very slow, not resistant to hostile enchantments, unstealthy
A: no striking features
a: no special abilities


You were on level 4 of the Dungeon.
You were not hungry.

You visited 1 branch of the dungeon, and saw 4 of its levels.

You collected 212 gold pieces.

Inventory:

Hand weapons
 k - a +0 mace of draining (weapon)
Armour
 a - a +0 robe (worn)
 n - a +0 buckler (worn)
Scrolls
 j - a scroll of remove curse
 l - a scroll of immolation {unknown}
 p - a scroll of enchant weapon {unknown}
Potions
 c - a potion of heal wounds {unknown}
 e - a potion of lignification
 f - a potion of haste
 g - 2 potions of might {unknown}
 m - 2 potions of agility
Books
 b - a book of Flames

   Spells                             Type                      Level
   a - Flame Tongue                   Conjuration/Fire             1
   b - Throw Flame                    Conjuration/Fire             2
   c - Conjure Flame                  Conjuration/Fire             3
   d - Inner Flame                    Hexes/Fire                   3
   e - Sticky Flame                   Conjuration/Fire             4
   f - Fireball                       Conjuration/Fire             5
Comestibles
 h - 2 beef jerkies
 i - 3 bread rations
 q - a royal jelly


   Skills:
 - Level 2.1 Dodging
 - Level 2.1 Stealth
 - Level 2.4 Spellcasting
 - Level 1.1 Conjurations
 + Level 5.7 Fire Magic


You had 2 spell levels left.
You knew the following spells:

 Your Spells              Type           Power        Failure   Level  Hunger
a - Flame Tongue          Conj/Fire      ###..        8%          1    #......
b - Throw Flame           Conj/Fire      ###...       12%         2    ##.....
c - Conjure Flame         Conj/Fire      ###.....     21%         3    ###....


Dungeon Overview and Level Annotations

Branches:
Dungeon (4/15)
 Temple: D:4-7

Altars:
Dithmenos
Okawaru

Annotations:
D:4 yottam's ghost, average HuWn


Message History

The orc wizard gestures wildly while chanting.
The orc wizard blinks!
The orc wizard gestures wildly while chanting.
The orc wizard blinks!
The orc wizard casts a spell at you.
You feel yourself slow down.
The orc wizard gestures wildly while chanting.
The orc wizard blinks!
The orc wizard gestures at you while chanting.
The magic dart hits you!
* * * LOW HITPOINT WARNING * * *
The orc wizard casts a spell.
The orc wizard blinks!
Your magical contamination has completely faded away.
As you read the scroll of fog, it crumbles to dust.
The scroll dissolves into smoke.
The orc wizard hits you with a dagger.
* * * LOW HITPOINT WARNING * * *
The orc wizard points at you and mumbles some strange words.
The magic dart hits you!
You die...

.... .... .... ###
..# #<# . # #.# #§#
#§### #@#.#
##o#.##############
#§§§.#.............
####.#.############
#o#.# #.#.# #.#.#
#o#.# #o#.#


You could see an orc wizard.

Vanquished Creatures
  A scorpion (D:4)
  2 adders (D:2)
  2 giant geckos
  An orc (D:3)
  7 goblins
  11 hobgoblins
  7 jackals
  2 quokkas
  8 bats
  A giant cockroach (D:1)
  5 giant newts
  8 kobolds
  A quokka skeleton (D:4)
  6 rats
62 creatures vanquished.

Notes
Turn   | Place    | Note
--------------------------------------------------------------
     0 | D:1      | HolyHero the High Elf Fire Elementalist began the quest for the Orb.
     0 | D:1      | Reached XP level 1. HP: 11/11 MP: 4/4
   289 | D:1      | Reached XP level 2. HP: 17/17 MP: 1/6
   743 | D:1      | Reached skill level 4 in Fire Magic
  1251 | D:1      | Reached XP level 3. HP: 21/21 MP: 5/7
  1372 | D:1      | Learned a level 2 spell: Throw Flame
  1376 | D:1      | Learned a level 3 spell: Conjure Flame
  1871 | D:2      | Found a shadowy altar of Dithmenos.
  2285 | D:2      | Reached XP level 4. HP: 25/27 MP: 0/8
  2493 | D:2      | Reached skill level 5 in Fire Magic
  3523 | D:3      | Found an iron altar of Okawaru.
  3994 | D:4      | Reached XP level 5. HP: 31/31 MP: 4/9
  4089 | D:4      | Noticed yottam's ghost (average HuWn)
  4214 | D:4      | Killed from afar by an orc wizard

Vault maps used:
D:1:      sevenhm_arrival_forest_fort_large_3
D:2:      old_standard_altar
D:3:      first_bread, okawaru_ov_weapons_minmay, uniq_robin
D:4:      kennysheep_big_empty_room

Action                   |  1- 3 |  4- 6 || total
-------------------------+-------+-------++-------
Melee: Unarmed           |     2 |       ||     2
       Mace              |       |     8 ||     8
 Cast: Flame Tongue      |    54 |    10 ||    64
       Throw Flame       |    29 |    23 ||    52
       Conjure Flame     |       |     2 ||     2
  Use: Scroll            |     6 |     2 ||     8
       Potion            |       |     1 ||     1
  Eat: Bread ration      |     1 |     1 ||     2
       Meat ration       |     1 |       ||     1
